 Dungeon Crawl Stone Soup version 0.31-a0-1529-g7bd419a0e5 (webtiles) character file.

Game seed: 2913291947291448687

1749 timneilson the Shield-Bearer (level 9, -1/54 HPs)
             Began as a Gargoyle Fighter on Jan 1, 2024.
             Killed from afar by Maggie (6 damage)
             ... with a bolt of fire
             ... on level 6 of the Dungeon.
             The game lasted 00:12:34 (5700 turns).

timneilson the Shield-Bearer (Gargoyle Fighter)     Turns: 5700, Time: 00:12:35

Health: -1/54      AC: 21    Str: 27    XL:     9   Next: 6%
Magic:  9/9        EV: 10    Int:  8    God:
Gold:   299        SH:  5    Dex: 13    Spells: 8/8 levels left

rFire   + . .        a - +0 long sword
rCold   . . .        c - +0 buckler
rNeg    + . .        o - +0 chain mail
rPois   ∞            (no helmet)
rElec   +            (no cloak)
rCorr   .            e - +0 pair of gloves
SInv    .            x - +2 pair of boots
Will    .....        (no amulet) Stlth
                     l - +6 ring of strength
HPRegen 0.29/turn    n - ring of protection from fire
MPRegen 0.11/turn

%: no passive effects
@: mighty, mesmerised, hasted, very quick
A: sickness immunity, AC +6, negative energy resistance 1, electricity
resistance, torment resistance 1, petrification resistance
a: no special abilities


You were on level 6 of the Dungeon.
You visited 1 branch of the dungeon, and saw 6 of its levels.

You collected 299 gold pieces.

Inventory:

Hand Weapons
 a - a +0 long sword (weapon)
Missiles
 m - 3 throwing nets
Armour
 c - a +0 buckler (worn)
 e - a +0 pair of gloves (worn)
 o - a +0 chain mail (worn)
 x - a +2 pair of boots (worn)
Jewellery
 b - a ring of flight
 f - a ring of resist corrosion
 k - a ring of protection from fire
 l - a +6 ring of strength (left hand)
 n - a ring of protection from fire (right hand)
Wands
 w - a wand of flame (8)
Scrolls
 h - 2 scrolls of fear
 j - 2 scrolls of amnesia
 p - 3 scrolls of identify
 q - a scroll of immolation
 t - a scroll of teleportation
Potions
 g - 2 potions of attraction
 r - a potion of magic
 v - 2 potions of lignification


   Skills:
 + Level 5.5 Fighting
 * Level 5.4 Long Blades
 * Level 6.9 Armour
 + Level 2.8 Dodging
 * Level 7.0 Shields
 + Level 1.0 Evocations


You had 8 spell levels left.
You didn't know any spells.
Your spell library contained the following spells:

 Spells                   Type           Power      Damage    Failure   Level
 Mercury Vapours          Alch/Air       0%         N/A       97%         2
 Call Canine Familiar     Summ           0%         N/A       99%         3
 Dazzling Flash           Conj/Hex       0%         N/A       99%         3
 Gell's Gravitas          Tloc           0%         N/A       99%         3
 Mephitic Cloud           Conj/Alch/Air  0%         N/A       99%         3
 Sigil of Binding         Hex            0%         N/A       99%         3
 Teleport Other           Tloc           0%         N/A       99%         3
 Volatile Blastmotes      Fire/Tloc      0%         2d10      99%         3
 Dimensional Bullseye     Hex/Tloc       0%         N/A       100%        4
 Curse of Agony           Necr           0%         N/A       100%        5
 Freezing Cloud           Conj/Ice/Air   0%         6-21      100%        5
 Silence                  Hex/Air        0%         N/A       100%        5
 Dispersal                Tloc           0%         N/A       100%        6
 Starburst                Conj/Fire      0%         6d3       100%        6
 Maxwell's Capacitive Co  Air            0%         ∞         100%        8


Dungeon Overview and Level Annotations

Branches:
Dungeon (6/15)
 Temple: D:4-7

Altars:
Kikubaaqudgha
Ru
Sif Muna
The Shining One

Shops:
D:3 [   D:4 *

Annotations:
D:6 Maggie


Innate Abilities, Weirdness & Mutations

You are immune to sickness and miasma.
Your stone body is resilient. (AC +6)
You are immune to poison.
You resist negative energy. (rN+)
You are resistant to electric shocks. (rElec)
You are resistant to unholy torment.
You are immune to petrification.


Message History

Maggie hits you with a +1 long sword of pain!
You barely miss Maggie.
Maggie is lightly wounded.
Maggie closely misses you.
You barely miss Maggie.
Maggie is lightly wounded.
Maggie hits you but does no damage. x2; You writhe in agony.
You barely miss Maggie. Maggie barely misses you.
You barely miss Maggie.
Maggie points at you and mumbles some strange words.
The bolt of fire hits you. You resist.
You hit Maggie but do no damage. You block Maggie's attack.
You closely miss Maggie. You block Maggie's attack.
You hit Maggie but do no damage.
Maggie mumbles some strange words.
Maggie attempts to bespell you!
You are mesmerised by Maggie!
You block Maggie's attack.
You barely miss Maggie. Maggie hits you but does no damage.
You writhe in agony.
You slash Maggie!
Maggie is lightly wounded.
Maggie hits you with a +1 long sword of pain!
* * * LOW HITPOINT WARNING * * *
You slash Maggie!
Maggie is moderately wounded.
Maggie mumbles some strange words.
Maggie draws you further into her thrall.
You feel yourself speed up.
Maggie gestures wildly while chanting.
Maggie draws you further into her thrall.
You slash Maggie!
Maggie is heavily wounded.
Maggie hits you but does no damage.
You writhe in agony.
* * * LOW HITPOINT WARNING * * *
You slash Maggie!
Maggie is almost dead.
Maggie casts a spell at you. The bolt of fire hits you. You resist.
You die...

..####+####..#
#..............
#..............
+............>. #..!
........ #... ?....
#..# #†@#
#..####@.###[#
#+######..'.........+
#.....##..#.........#
##.....##..#####..#....
#......##..## ### ###
#.....)'..)#
#....)##...#
#.....##..## ####
#<....##..#####..#


You could see Maggie (mesmerising).

Vanquished Creatures
  Prince Ribbit (D:5)
  A water moccasin (D:5)
  An ice beast (D:5)
  A black bear (D:5)
  2 ogres (D:5)
  A phantom (D:3)
  A kobold brigand (D:5)
  A bullfrog (D:6)
  3 scorpions (D:5)
  3 bombardier beetles
  A howler monkey (D:3)
  4 hounds
  3 orc priests
  A jelly (D:5)
  4 iguanas
  A sleepcap (D:3)
  An orc wizard (D:2)
  6 adders
  2 white imps (D:5)
  2 dart slugs
  A ribbon worm (D:3)
  18 orcs
  11 ball pythons
  8 bats
  9 endoplasms
  3 giant cockroaches
  10 goblins
  8 hobgoblins
  5 jackals (D:2)
  4 quokkas
  7 frilled lizards
  7 kobolds
  8 rats
139 creatures vanquished.

Notes
Turn   | Place    | Note
-------+----------+-------------------------------------------
     0 | D:1      | timneilson the Gargoyle Fighter began the quest for the
                  | Orb.
     0 | D:1      | Reached XP level 1. HP: 14/14 MP: 1/1
    83 | D:1      | Reached XP level 2. HP: 10/19 MP: 2/2
   271 | D:1      | Found a faded altar of an unknown god.
   449 | D:1      | Reached XP level 3. HP: 22/23 MP: 3/3
  1004 | D:2      | Reached skill level 4 in Shields
  1004 | D:2      | Reached XP level 4. HP: 17/29 MP: 4/4
  1022 | D:2      | HP: 1/29 [orc wizard/puff of flame (8)]
  1510 | D:2      | Reached XP level 5. HP: 29/33 MP: 5/5
  1724 | D:2      | Found a glowing golden altar of the Shining One.
  2607 | D:3      | Reached skill level 1 in Dodging
  2692 | D:3      | Found Zuna's Antique Armour Shop.
  3030 | D:3      | Found a shimmering blue altar of Sif Muna.
  3220 | D:3      | Reached XP level 6. HP: 35/38 MP: 6/6
  3326 | D:3      | Reached skill level 5 in Shields
  3395 | D:4      | Found Heumum's General Store.
  3568 | D:4      | Reached skill level 5 in Armour
  3740 | D:4      | Found an ancient bone altar of Kikubaaqudgha.
  3767 | D:5      | Entered Level 5 of the Dungeon
  3790 | D:4      | Reached XP level 7. HP: 43/44 MP: 7/7
  4223 | D:5      | Reached XP level 8. HP: 48/48 MP: 8/8
  4418 | D:5      | Reached skill level 6 in Shields
  4625 | D:5      | Reached skill level 5 in Fighting
  4665 | D:5      | Reached skill level 5 in Long Blades
  5109 | D:5      | Found a sacrificial altar of Ru.
  5283 | D:6      | Noticed Prince Ribbit
  5468 | D:5      | Killed Prince Ribbit
  5469 | D:5      | Reached XP level 9. HP: 7/54 MP: 9/9
  5677 | D:6      | Noticed Maggie
  5683 | D:6      | Reached skill level 7 in Shields
  5683 | D:6      | Reached skill level 1 in Evocations
  5700 | D:6      | Killed from afar by Maggie

Illustrated notes

Levels and vault maps discovered:
D:1:      amcnicky_arrival_double_pillar, layout_rooms,
          shapermc_ecumenical_altar_gd, minmay_pentomino_q4
D:2:      wad_river_or_something, layout_loops_corners, basic_altar,
          minmay_misc_feat_tiny, grunt_ministairs_1, minmay_ruptured
D:3:      layout_loops_ring, pf_just_have_faith, serial_shops, shop,
          minmay_misc_feat_enclosed, st_stairs_10, nicolae_eternal_life,
          serial_bayou_lake_a
D:4:      layout_rooms, nicolae_overflow_hidden_temple, serial_shops,
          nicolae_shop_stone
D:5:      minmay_opposing_rooms, layout_basic, nicolae_ru_path_of_blood,
          guppyfry_early_lair_pool
D:6:      black_bear_nest_1, layout_gridville, grunt_gozag_statues,
          nicolae_uskayaw_dance_hall, jmf_multi_god_temple, serial_shops,
          nicolae_shop_rolling_square, minivault_4, uniq_eustachio, uniq_maggie,
          uniq_crazy_yiuf_cottage, uniq_prince_ribbit1

Skill      XL: |  1  2  3  4  5  6  7  8  9 |
---------------+----------------------------+-----
Long Blades    | 2 3 4 5 |  5.4
Shields        | 4 5 6 7 |  7.0
Armour         | 4 5 6 |  6.9
Fighting       | 4 5 |  5.5
Dodging        | 1 2 |  2.8
Evocations     | 1 |  1.0

Action                     |  1- 3 |  4- 6 |  7- 9 || total
---------------------------+-------+-------+-------++-------
  Melee: Long sword        |   153 |   315 |   289 ||   757
    Use: Scroll            |     3 |    14 |     1 ||    18
         Potion            |       |     2 |     8 ||    10
 Armour: Scale mail        |   102 |   207 |       ||   309
         Chain mail        |       |    20 |   220 ||   240
  Dodge: Dodged            |    87 |   213 |   107 ||   407
  Block: Buckler           |    42 |    99 |    67 ||   208

Table legend: (Time is in decaauts)
 A = Elapsed time spent in this place.
 B = Non-inter-level travel time spent in this place.
 C = Inter-level travel time spent in this place.
 D = Time resting spent in this place.
 E = Time spent auto-exploring this place.
 F = Levels seen in this place.
 G = Mean time per level.
                   A        B        C        D        E       F      G
               +--------+--------+--------+--------+--------+-----+--------+
         Total |   5933 |   5732 |    201 |    336 |   3661 |   6 |  988.8 |
       Dungeon |   5933 |   5732 |    201 |    336 |   3661 |   6 |  988.8 |
               +--------+--------+--------+--------+--------+-----+--------+

Top non-repeatable levels by time:
     D:5: 1866 daAuts
     D:2: 1350 daAuts
     D:3: 1250 daAuts
     D:1: 901 daAuts
     D:4: 462 daAuts
     D:6: 102 daAuts
